 Dungeon Crawl Stone Soup version 0.18.1-48-g4cf74bf (webtiles) character file.

33252 Gargoyl the Protected (level 13, -13/70 HPs)
             Began as a Demonspawn Abyssal Knight on Aug 20, 2016.
             Was the Champion of Lugonu.
             Mangled by Maud
             ... wielding a +2 great mace of holy wrath
              (21 damage)
             ... on level 7 of the Lair of Beasts on Aug 21, 2016.
             The game lasted 00:47:32 (19115 turns).

Gargoyl the Protected (Demonspawn Abyssal Knight)  Turns: 19115, Time: 00:47:33

Health: -13/70     AC: 28    Str: 10 (23) XL:     13   Next: 35%
Magic:  15/15      EV:  3    Int: 10 (14) God:    Lugonu [******]
Gold:   716        SH: 10    Dex:  8 (12) Spells: 0 memorised, 12 levels left

rFire  . . .     SeeInvis +     O - +8 war axe of the Solstice {drain, rElec}
rCold  + + .     Gourm    .     E - +0 plate armour
rNeg   . . .     Faith    +     i - +0 shield
rPois  +         Spirit   .     a - +1 helmet {SInv}
rElec  +         Dismiss  .     D - +2 cloak
rCorr  .         Reflect  .     y - +0 pair of gloves "Keikig" {rC+ Str+3}
SustAt .         Harm     .     (boots unavailable)
MR     .....                    J - amulet of faith
Stlth  ..........               R - +3 ring of strength
                                g - ring of poison resistance

@: not resistant to hostile enchantments, extremely unstealthy
A: talons 3, rough black scales 3, agile 1, blink, blurry vision 1, cold
resistance 1, deformed body, demonic guardian 2, deterioration 2, frail 3,
screaming 2, spiny 1, subdued magic 1
a: Blink, Depart the Abyss, Bend Space, Banish, Corrupt, Enter the Abyss, Brand
Weapon With Distortion, Renounce Religion


You were on level 7 of the Lair of Beasts.
You worshipped Lugonu.
Lugonu was exalted by your worship.
You were very full.

You visited 2 branches of the dungeon, and saw 17 of its levels.
You visited the Abyss 1 time.
You visited 1 bazaar.

You collected 1278 gold pieces.
You spent 562 gold pieces at shops.

Inventory:

Hand Weapons
 t - a +0 hand axe of flaming
 z - a +8 war axe
 O - the +8 war axe of the Solstice (weapon) {drain, rElec}
   (You found it on level 3 of the Lair of Beasts)

   A truly terrible weapon, it drains the life of those it strikes.
   It insulates you from electricity.
Missiles
 r - 10 tomahawks (quivered)
Armour
 a - a +1 helmet of see invisible (worn)
 i - a +0 shield (worn)
 y - the +0 pair of gloves "Keikig" (worn) {rC+ Str+3}
   (You found it on level 6 of the Lair of Beasts)

   It affects your strength (+3).
   It protects you from cold.
 D - a +2 cloak (worn)
 E - a +0 plate armour (worn)
Jewellery
 g - a ring of poison resistance (left hand)
 w - an uncursed ring of protection from cold
 J - an amulet of faith (around neck)
 R - a +3 ring of strength (right hand)
Wands
 m - a wand of lightning (6/15)
 q - a wand of disintegration (6/24)
 u - a wand of paralysis (21/24)
 v - a wand of confusion (23/48)
 A - a wand of random effects (31/48)
 G - a wand of iceblast (3/15)
 K - a wand of teleportation (8/9)
 L - a wand of disintegration (7/24)
 N - a wand of random effects (16/48)
 P - a wand of enslavement (9/24)
Scrolls
 b - 7 scrolls of identify
 k - a scroll of teleportation
 l - 2 scrolls of magic mapping
 p - 9 scrolls of remove curse
 B - a scroll of fog
 F - a scroll of amnesia
 I - 4 scrolls of blinking
Potions
 e - 16 potions of curing
 f - 3 potions of resistance
 j - 3 potions of flight
 o - 3 potions of might
 x - 7 potions of heal wounds
 H - a potion of agility
 Q - a potion of brilliance
 T - a potion of haste
Books
 d - a Fen Folio

   Spells                             Type                      Level
   a - Corpse Rot                     Necromancy                   2
   b - Stone Arrow                    Conjuration/Earth            3
   c - Leda's Liquefaction            Hexes/Earth                  4
   d - Summon Forest                  Summoning/Translocation      5
   e - Hydra Form                     Transmutation                6
   f - Summon Hydra                   Summoning                    7
 S - a book of Necromancy

   Spells                             Type                      Level
   a - Pain                           Necromancy                   1
   b - Animate Skeleton               Necromancy                   1
   c - Vampiric Draining              Necromancy                   3
   d - Regeneration                   Charms/Necromancy            3
   e - Animate Dead                   Necromancy                   4
   f - Control Undead                 Necromancy                   4
Comestibles
 c - 7 bread rations
 h - 10 meat rations
 n - 5 beef jerkies
 s - 9 slices of pizza
 C - 2 royal jellies
 M - 2 fruits


   Skills:
 + Level 9.3 Fighting
 + Level 10.4 Axes
 + Level 0.8 Throwing
 * Level 13.2 Armour
 + Level 4.9 Dodging
 + Level 1.0 Stealth
 + Level 8.8 Shields
 + Level 2.8 Invocations
 + Level 1.1 Evocations


You had 12 spell levels left.
You didn't know any spells.

Dungeon Overview and Level Annotations

Branches:
Dungeon (11/15)            Temple (0/1) D:6            Lair (7/8) D:10
  Swamp (0/4) Lair:4        Snake (0/4) Lair:6
  Slime: Lair:6-8       Orc: D:9-12

Altars:
Cheibriados
Fedhas
Gozag
Okawaru
Ru
Vehumet
The Shining One

Shops:
D:6 !   D:8 *   D:11 :(

Portals:
Trove: D:10 (give +5 ice dragon armour)

Annotations:
Lair:3 exclusion: oklob plant
Lair:4 1 runed door
Lair:7 Maud


Innate Abilities, Weirdness & Mutations

You have claws for feet.
You are completely covered in rough black scales (AC +10, Dex -3).
Your flesh is cold resistant.
A demonic guardian rushes to your aid.
You are partially covered in sharp spines.
You are agile. (Dex +2)
You can translocate small distances at will.
Scrolls take you a little longer to read.
Armour fits poorly on your strangely shaped body.
Your body often deteriorates upon taking damage.
You are extremely frail (-30% HP).
You sometimes yell uncontrollably at your foes.
Your spells are a little easier to cast, but a little less powerful.


Message History

* * * LOW HITPOINT WARNING * * *
You slash Maud! You drain Maud!
Maud is heavily wounded.
You slash the yak! You drain the yak!
The yak is almost dead.
Your sun demon hits Maud but does no damage.
The yak is struck by your spines.
You kill the yak!
Lugonu accepts your kill.
Your sun demon hits Maud!!
Maud is engulfed in flames!
Maud resists.
Maud zaps a wand.
Maud looks slightly unstable.
It is a wand of teleportation.
Your plate armour prevents you from hitting Maud.
Your kick misses Maud.
Maud is almost dead.
Your sun demon disappears in a puff of smoke!
Maud hits you with a great mace of holy wrath!
* * * LOW HITPOINT WARNING * * *
Your body deteriorates!
You feel weakened.
You convulse!!
You die...

##.#....# ##..##..##
#.......### #.....##..#
## ###...#.#.#
.#.####....P....####
...............#...#
.......<........#.##
##...P.@.P.#.......#
#....#.@.....!.....#
.#.P.....##....)...#
..........#........##
.........#..>.......#
........##P.......####
#.....#..#P....P..##.#
##.........P....P...##
.##.....#..##.....P..##


You could see Maud.

Vanquished Creatures
  Gastronok (Lair:3)
  A rakshasa (D:9)
  A hydra (Lair:1)
  A catoblepas (Lair:6)
  A death knight (D:10)
  The ghost of Orbaz the Cleaver, a novice FoFi of Ru (D:8)
  Nergalle (Lair:1)
  2 fire crabs (Lair:6)
  An unseen horror (D:11)
  A griffon (Lair:3)
  2 elephants (Lair:7)
  10 black mambas
  7 spiny frogs
  2 rime drakes
  A kobold demonologist (D:11)
  A komodo dragon (Lair:6)
  3 trolls
  A two-headed ogre (D:11)
  A giant leech (Lair:4)
  3 blink frogs
  4 slime creatures
  2 wraiths (Lair:4)
  4 yaks
  8 hippogriffs
  2 hungry ghosts
  A soldier ant (D:10)
  10 water moccasins
  12 porcupines
  4 sky beasts
  2 orc warriors
  An ice beast (D:11)
  2 black bears (D:10)
  A necrophage (D:9)
  2 phantoms
  4 centaurs
  8 ogres
  15 crocodiles
  A big kobold (D:7)
  7 giant frogs
  10 killer bees (D:11)
  3 scorpions
  9 wights
  7 crimson imps
  A quasit (D:11)
  A jelly (D:11)
  13 orc wizards
  5 orc priests
  A centaur skeleton (D:7)
  3 hounds
  2 giant frog skeletons
  8 iguanas
  9 worker ants
  A hound zombie (D:6)
  2 hound skeletons
  A howler monkey skeleton (D:9)
  5 gnolls (D:5)
  38 river rats
  13 adders
  A shadow imp (D:5)
  3 adder zombies
  5 worms
  4 dart slugs
  4 giant geckos
  35 orcs
  12 bats
  6 giant cockroaches
  4 goblins
  7 hobgoblins
  13 jackals
  10 kobolds
  10 quokkas
  5 ball pythons
  4 giant newts
  2 quokka skeletons
  9 rats
  A butterfly (Lair:3)
  4 fungi
  A plant (D:10)
404 creatures vanquished.

Vanquished Creatures (collateral kills)
  Josephine (Lair:4)
  A hydra (Lair:1)
  The ghost of wojtek the Basher, a novice GrFi of Okawaru (D:10)
  Sonja (Lair:3)
  An oklob plant (Lair:4)
  2 hill giants
  An ugly thing (D:9)
  A cyclops (D:9)
  An elephant (Lair:7)
  Psyche (D:8)
  Maurice (D:9)
  5 spiny frogs
  2 komodo dragons
  4 blink frogs
  3 humans
  10 yaks
  3 wraiths
  A hippogriff (D:9)
  Edmund (D:5)
  3 water moccasins
  An orc warrior (D:6)
  A necrophage (D:9)
  2 ogres
  2 crocodiles
  2 giant frogs
  A water moccasin skeleton (D:9)
  A scorpion (D:6)
  A killer bee (D:9)
  4 wights
  A crimson imp (D:9)
  A gnoll shaman (D:5)
  2 orc priests
  2 orc wizards
  2 iguanas
  A worker ant (D:10)
  3 sheep (D:7)
  4 gnolls (D:5)
  4 river rats (Lair:4)
  An adder (Lair:6)
  A shadow imp (D:9)
  An adder skeleton (D:9)
  3 orcs
  A kobold (D:7)
  A butterfly (Lair:6)
  A fungus (Lair:7)
88 creatures vanquished.

Vanquished Creatures (others)
  A jelly (D:9)
  A hound (D:9)
  An orc (D:9)
  A bush (Lair:7)
  12 fungi
  2 plants
18 creatures vanquished.

Grand Total: 510 creatures vanquished

Notes
Turn   | Place    | Note
--------------------------------------------------------------
     0 | Abyss:1  | Gargoyl the Demonspawn Abyssal Knight began the quest for the Orb.
     0 | Abyss:1  | Reached XP level 1. HP: 18/18 MP: 2/2
    64 | Abyss:1  | Noticed a chaos spawn
    84 | Abyss:1  | Noticed a spatial vortex
    87 | Abyss:1  | Noticed a spatial vortex
    90 | D:1      | Escaped the Abyss
   151 | D:1      | Reached skill level 2 in Armour
   160 | D:1      | Reached * piety under Lugonu
   268 | D:1      | Gained mutation: You are partially covered in rough black scales (AC +4, Dex -1). [demonic ancestry]
   268 | D:1      | Reached XP level 2. HP: 21/24 MP: 4/4
   541 | D:1      | Reached skill level 1 in Dodging
   860 | D:1      | Reached XP level 3. HP: 29/29 MP: 5/5
  1648 | D:2      | Reached ** piety under Lugonu
  1739 | D:2      | Gained mutation: A weak demonic guardian rushes to your aid. [demonic ancestry]
  1739 | D:2      | Reached XP level 4. HP: 28/35 MP: 6/6
  2235 | D:2      | You fall through a shaft for 2 floors!
  2264 | D:4      | Reached skill level 3 in Armour
  2485 | D:4      | Gained mutation: You are partially covered in sharp spines. [demonic ancestry]
  2485 | D:4      | Reached XP level 5. HP: 33/41 MP: 7/7
  2796 | D:3      | Reached skill level 1 in Shields
  3239 | D:3      | Reached *** piety under Lugonu
  3714 | D:4      | Noticed an ogre
  3719 | D:4      | Killed an ogre
  3719 | D:4      | Reached skill level 4 in Armour
  3719 | D:4      | Gained mutation: You have sharp toenails. [demonic ancestry]
  3719 | D:4      | Reached XP level 6. HP: 39/48 MP: 8/8
  4156 | D:5      | Entered Level 5 of the Dungeon
  4505 | D:5      | Found a sacrificial altar of Ru.
  4511 | D:5      | Gained mutation: A demonic guardian rushes to your aid. [demonic ancestry]
  4511 | D:5      | Reached XP level 7. HP: 54/54 MP: 9/9
  4535 | D:5      | Noticed Edmund
  4544 | D:5      | Killed Edmund
  4544 | D:5      | Reached skill level 5 in Armour
  4566 | D:5      | Found a radiant altar of Vehumet.
  4728 | D:5      | Found a glowing golden altar of the Shining One.
  4728 | D:5      | Found an iron altar of Okawaru.
  4728 | D:5      | Found a snail-covered altar of Cheibriados.
  4749 | D:5      | Found a blossoming altar of Fedhas.
  4849 | D:5      | Reached **** piety under Lugonu
  5261 | D:6      | Found Omynlesk's Distillery.
  5322 | D:6      | Bought a potion of heal wounds for 70 gold pieces
  5322 | D:6      | Bought a potion of heal wounds for 70 gold pieces
  5322 | D:6      | Bought a potion of curing for 42 gold pieces
  5322 | D:6      | Bought a potion of curing for 42 gold pieces
  5322 | D:6      | Bought a potion of curing for 42 gold pieces
  5347 | D:6      | Gained mutation: You are mostly covered in rough black scales (AC +7, Dex -2). [demonic ancestry]
  5347 | D:6      | Reached XP level 8. HP: 60/61 MP: 10/10
  5438 | D:6      | Reached skill level 6 in Armour
  5483 | D:6      | Found a staircase to the Ecumenical Temple.
  5758 | D:7      | Reached skill level 5 in Fighting
  5951 | D:7      | Noticed a troll
  5955 | D:7      | Killed a troll
  5955 | D:7      | Reached ***** piety under Lugonu
  6024 | D:7      | Found an opulent altar of Gozag.
  6165 | D:7      | Gained mutation: You are completely covered in rough black scales (AC +10, Dex -3). [demonic ancestry]
  6165 | D:7      | Reached XP level 9. HP: 65/68 MP: 11/11
  6260 | D:7      | Reached skill level 7 in Armour
  6342 | D:7      | Reached skill level 5 in Axes
  6976 | D:8      | Noticed Psyche
  6980 | D:8      | Killed Psyche
  6980 | D:8      | Reached skill level 5 in Shields
  6987 | D:8      | Noticed Orbaz's ghost (novice FoFi)
  6993 | D:8      | Killed Orbaz's ghost
  6993 | D:8      | Reached skill level 8 in Armour
  7682 | D:8      | Reached XP level 10. HP: 77/77 MP: 12/12
  7827 | D:8      | Found Ajaiz's Assorted Antiques.
  7830 | D:8      | Bought a scroll labeled MENKOREAMUF for 26 gold pieces
  8173 | D:9      | Noticed Maurice
  8179 | D:9      | Killed Maurice
  8246 | D:9      | Reached ****** piety under Lugonu
  8543 | D:9      | Reached skill level 9 in Armour
  8546 | D:9      | Noticed a cyclops
  8559 | D:9      | Killed a cyclops
  8578 | D:9      | Gained mutation: Your body sometimes deteriorates upon taking damage. [mutagenic meat]
  8579 | D:9      | Gained mutation: Armour fits poorly on your strangely shaped body. [mutagenic meat]
  8580 | D:9      | Gained mutation: You are frail (-10% HP). [mutagenic meat]
  8588 | D:9      | Gained mutation: Your body often deteriorates upon taking damage. [potion of mutation]
  8588 | D:9      | Gained mutation: You are resistant to hostile enchantments. [potion of mutation]
  8588 | D:9      | Gained mutation: Your magical capacity is low (-10% MP). [potion of mutation]
  8591 | D:9      | Gained mutation: You have razor-sharp toenails. [potion of beneficial mutation]
  8759 | D:9      | Noticed a rakshasa
  8772 | D:9      | Noticed a cyan ugly thing
  8782 | D:9      | Killed a cyan ugly thing
  8829 | D:9      | Killed a rakshasa
  9252 | D:10     | Entered Level 10 of the Dungeon
  9305 | D:10     | Lost mutation: You are resistant to hostile enchantments. [mutagenic meat]
  9306 | D:10     | Gained mutation: Your spells are a little easier to cast, but a little less powerful. [mutagenic meat]
  9307 | D:10     | Gained mutation: You are very frail (-20% HP). [mutagenic meat]
  9308 | D:10     | Gained mutation: Scrolls take you a little longer to read. [mutagenic meat]
  9545 | D:10     | Found a staircase to the Lair.
  9556 | D:10     | Found an iron altar of Okawaru.
  9565 | D:10     | Reached skill level 1 in Evocations
  9677 | D:10     | Gained mutation: You occasionally shout uncontrollably at your foes. [potion of mutation]
  9677 | D:10     | Gained mutation: You sometimes yell uncontrollably at your foes. [potion of mutation]
  9723 | D:10     | Noticed wojtek's ghost (novice GrFi)
  9727 | D:10     | Killed wojtek's ghost
  9730 | D:10     | Found a portal to a secret trove of treasure.
  9757 | D:10     | Noticed a death knight
  9765 | D:10     | Killed a death knight
  9765 | D:10     | Gained mutation: You have claws for feet. [demonic ancestry]
  9765 | D:10     | Reached XP level 11. HP: 44/67 MP: 11/11
 10073 | D:10     | Reached skill level 10 in Armour
 10103 | D:10     | Noticed a hill giant
 10107 | D:10     | Killed a hill giant
 10126 | D:11     | Found Ycun's Book Shoppe.
 10151 | D:11     | Gained mutation: You are extremely frail (-30% HP). [mutagenic meat]
 10154 | D:11     | Lost mutation: Your magical capacity is low (-10% MP). [mutagenic meat]
 10476 | D:11     | Found Innasena's Antique Weapon Shoppe.
 10484 | D:11     | Killed an unseen horror
 10507 | D:11     | Found a flickering gateway to a bazaar.
 10516 | Bazaar   | Entered a bazaar
 10707 | Bazaar   | Found Roar's Food Emporium.
 10716 | Bazaar   | Found Peedegh's Food Boutique.
 10727 | Bazaar   | Found Leosihib's General Store.
 10730 | Bazaar   | Found Xazoedil's Antique Armour Boutique.
 10801 | Bazaar   | Bought a +1 helmet of see invisible for 165 gold pieces
 10801 | Bazaar   | Bought a scroll of enchant armour for 75 gold pieces
 10801 | Bazaar   | Bought a potion of curing for 30 gold pieces
 11133 | D:11     | Noticed a hill giant
 11142 | D:11     | Killed a hill giant
 11714 | D:11     | Gained mutation: You are agile. (Dex +2) [potion of mutation]
 11715 | D:11     | Gained mutation: You can translocate small distances at will. [potion of mutation]
 11841 | Lair:1   | Entered Level 1 of the Lair of Beasts
 11885 | Lair:1   | Noticed an eight-headed hydra
 11893 | Lair:1   | Killed a five-headed hydra
 12465 | Lair:1   | Noticed a five-headed hydra
 12476 | Lair:1   | Killed a three-headed hydra
 12476 | Lair:1   | Reached skill level 11 in Armour
 12640 | Lair:1   | Noticed Nergalle
 12649 | Lair:1   | Killed Nergalle
 13115 | Lair:1   | Gained mutation: Your flesh is cold resistant. [demonic ancestry]
 13115 | Lair:1   | Reached XP level 12. HP: 61/64 MP: 14/14
 13848 | Lair:3   | Got a translucent war axe
 13851 | Lair:3   | Identified the +8 war axe of the Solstice {drain, rElec} (You found it on level 3 of the Lair of Beasts)
 14037 | Lair:3   | Noticed Gastronok
 14047 | Lair:3   | Killed Gastronok
 14706 | Lair:3   | Noticed Sonja
 14864 | Lair:3   | Killed Sonja
 15078 | Lair:3   | Found a blossoming altar of Fedhas.
 15453 | Lair:4   | Reached skill level 12 in Armour
 15498 | Lair:4   | Found a runed door.
 15646 | Lair:4   | Found a staircase to the Swamp.
 15664 | Lair:4   | Noticed Josephine
 15671 | Lair:4   | Killed Josephine
 16515 | Lair:4   | You fall through a shaft for 2 floors!
 17175 | Lair:6   | Found a staircase to the Snake Pit.
 17298 | Lair:6   | Mutation became permanent: You have claws for feet. [demonic ancestry]
 17298 | Lair:6   | Reached XP level 13. HP: 69/70 MP: 15/15
 17302 | Lair:6   | Reached skill level 10 in Axes
 17488 | Lair:6   | Got a pair of scorched gloves
 17491 | Lair:6   | Identified the +0 pair of gloves "Keikig" {rC+ Str+3} (You found it on level 6 of the Lair of Beasts)
 18181 | Lair:6   | Reached skill level 1 in Stealth
 18532 | Lair:6   | Reached skill level 13 in Armour
 19059 | Lair:7   | Noticed Maud
 19115 | Lair:7   | Mangled by Maud

Skill      XL: |  1  2  3  4  5  6  7  8  9 10 11 12 13 |
---------------+----------------------------------------+-----
Armour         | 2 3 4 5 6 8 9 11 12 13 | 13.2
Dodging        | 1 2 3 4 |  4.9
Axes           | 2 3 4 5 7 8 9 10 | 10.4
Shields        | 1 2 4 5 6 7 8 |  8.8
Fighting       | 4 5 6 7 9 |  9.3
Evocations     | 1 |  1.1
Stealth        | 1 |  1.0
Throwing       | |  0.8
Invocations    | |  2.8

Action                   |  1- 3 |  4- 6 |  7- 9 | 10-12 | 13-15 || total
-------------------------+-------+-------+-------+-------+-------++-------
Melee: Hand axe          |   179 |   133 |       |     9 |       ||   321
       War axe           |       |    30 |   270 |   610 |   112 ||  1022
       Kick              |       |     9 |    78 |   121 |    19 ||   227
Throw: Tomahawk          |       |       |       |     7 |     3 ||    10
Invok: Depart the Abyss  |     1 |       |       |       |       ||     1
Evoke: Wand              |       |       |       |     7 |       ||     7
  Use: Scroll            |       |     1 |    17 |    19 |     2 ||    39
       Potion            |       |       |       |    20 |       ||    20
 Stab: Petrified         |       |       |       |       |     1 ||     1
  Eat: Chunk             |     3 |     9 |    11 |    20 |     1 ||    44
       Fruit             |       |       |       |    17 |    12 ||    29
       Meat ration       |       |       |       |     1 |       ||     1
       Bread ration      |       |       |       |     2 |       ||     2
Armor: Chain mail        |   187 |    86 |    68 |       |       ||   341
       Plate armour      |       |       |   146 |   509 |    89 ||   744
Dodge: Dodged            |    44 |    30 |    44 |    74 |    32 ||   224
Block: Shield            |    64 |    65 |   139 |   351 |    57 ||   676
